 Dungeon Crawl Stone Soup version 0.26-a0-651-gb41185065b (webtiles) character file.

Game seed: 4855924487136021971

14 Azzok the Insei (level 2, 0/21 HPs)
             Began as a Demonspawn Transmuter on Oct 18, 2020.
             Killed by nerve-wracking pain
             ... invoked by Jessica
              (13 damage)
             ... on level 2 of the Dungeon.
             The game lasted 00:01:39 (947 turns).

Azzok the Insei (Demonspawn Transmuter)              Turns: 947, Time: 00:01:39

Health: 0/21       AC:  6    Str: 10    XL:     2   Next: 31%
Magic:  0/5        EV: 12    Int: 14    God:
Gold:   67         SH:  0    Dex: 13    Spells: 4/5 levels left

rFire    . . .     SeeInvis .     - Unarmed
rCold    . . .     Faith    .   (no shield)
rNeg     . . .     Spirit   +   a - +0 robe
rPois    .         Reflect  .   (helmet currently unavailable)
rElec    .         Harm     .   (no cloak)
rCorr    .         Rampage  .   (no gloves)
MR       .....                  (boots currently unavailable)
Stlth    +.........             (no amulet)
HPRegen  0.07/turn              f - +4 ring of protection
MPRegen  0.09/turn              (no ring)

@: appendages
A: horns 2, talons 2, magic shield
a: End Transformation


You were on level 2 of the Dungeon.
You had grown temporary horns.
You had grown temporary talons.
You visited 1 branch of the dungeon, and saw 2 of its levels.

You collected 67 gold pieces.

Inventory:

Armour
 a - a +0 robe (worn)
Jewellery
 f - a +4 ring of protection (left hand)
Scrolls
 b - a scroll of noise {unknown}
 c - 2 scrolls of identify {unknown}
 i - a scroll of enchant weapon {unknown}
 j - a scroll of amnesia {unknown}
Potions
 d - a potion of flight {unknown}
 e - a potion of curing {unknown}
 g - a potion of brilliance {unknown}
 h - 2 potions of lignification {unknown}
 k - a potion of degeneration {unknown}


   Skills:
 - Level 1.0 Fighting
 - Level 1.7 Dodging
 + Level 2.8 Unarmed Combat
 - Level 2.0 Spellcasting
 * Level 2.6 Transmutations


You had 4 spell levels left.
You knew the following spells:

 Your Spells              Type           Power        Failure   Level
a - Beastly Appendage     Tmut           #.....       9%          1

Your spell library contained the following spells:

 Spells                   Type           Power        Failure   Level
 Wereblood                Tmut           #.......     12%         2
 Spider Form              Tmut/Pois      #.........   38%         3
 Ice Form                 Ice/Tmut       #.......     80%         4
 Blade Hands              Tmut           #.........   92%         5


Dungeon Overview and Level Annotations

Branches:
Dungeon (2/15)

Altars:

Annotations:
D:2 Jessica


Innate Abilities, Weirdness & Mutations

When hurt, damage is shared between your health and your magic reserves.
You have a pair of horns on your head.
You have razor-sharp toenails.


Message History

You are too injured to fight recklessly!
You are too injured to fight recklessly!
You are too injured to fight recklessly!
You are too injured to fight recklessly!
You are too injured to fight recklessly!
You are too injured to fight recklessly!
You are too injured to fight recklessly!
You are too injured to fight recklessly!
You are too injured to fight recklessly!
You are too injured to fight recklessly!
You are too injured to fight recklessly!
You are too injured to fight recklessly!
You are too injured to fight recklessly!
You are too injured to fight recklessly!
Jessica hits you. The goblin barely misses you.
Jessica points at you and mumbles some strange words.
Pain shoots through your body!
* * * LOW MAGIC WARNING * * *
Ouch! That really hurt!
You die...

· ▒ ·····▒ ··▒▒·
·····▒ ·····▒▒▒·····▒
!············▒
·············▒
········▒····▒
!········▒╬▒
···········▒
▒▒▒▒▒▒▒▒▒
▒▒▒▒▒·▒····▒▒
▒@@·····▒ ···▒·▒@··▒
▒g▒▒▒▒▒·▒
▒·▒▒▒·····▒▒▒····▒▒·▒
▒·▒▒····▒·····▒·····▒
▒····[··▒·····▒▒▒▒▒▒▒
▒▒▒)▒▒·▒·▒▒▒▒▒
▒···<······▒
▒·▒▒·▒▒·▒▒·▒ ▒
▒·▒▒·▒▒·▒


You could see Jessica (fast) and a goblin.

Vanquished Creatures
  A leopard gecko (D:1)
  3 bats
  2 hobgoblins (D:1)
  2 kobolds (D:1)
  A ball python (D:1)
  3 frilled lizards (D:1)
  A rat (D:1)
13 creatures vanquished.

Notes
Turn   | Place    | Note
-------+----------+-------------------------------------------
     0 | D:1      | Azzok the Demonspawn Transmuter began the quest for the
                  | Orb.
     0 | D:1      | Reached XP level 1. HP: 15/15 MP: 3/3
   394 | D:1      | Gained mutation: When hurt, damage is shared between your
                  | health and your magic reserves. [demonic ancestry]
   394 | D:1      | Reached XP level 2. HP: 19/21 MP: 3/5
   924 | D:2      | Noticed Jessica
   947 | D:2      | Killed from afar by Jessica

Illustrated notes

Levels and vault maps discovered:
D:1:      tarquinn_simple_flora_water_a, layout_loops_corners
D:2:      minmay_evil_eye, layout_basic,
          grunt_temple_overflow_order_and_chaos_1, uniq_robin, uniq_jessica

Skill      XL: |  1 |
---------------+----+-----
Transmutations | 2 |  2.6
Fighting       | |  1.0
Dodging        | |  1.7
Unarmed Combat | |  2.8
Spellcasting   | |  2.0

Action                   || total
-------------------------++-------
Melee: Unarmed           ||    62
 Cast: Beastly Appendage ||     1
 Stab: Sleeping          ||     1
Armor: Robe              ||    27
Dodge: Dodged            ||    65

Table legend: (Time is in decaauts)
 A = Elapsed time spent in this place.
 B = Non-inter-level travel time spent in this place.
 C = Inter-level travel time spent in this place.
 D = Time resting spent in this place.
 E = Time spent auto-exploring this place.
 F = Levels seen in this place.
 G = Mean time per level.
                   A        B        C        D        E       F      G
               +--------+--------+--------+--------+--------+-----+--------+
         Total |    943 |    925 |     18 |     23 |    736 |   2 |  471.5 |
       Dungeon |    943 |    925 |     18 |     23 |    736 |   2 |  471.5 |
               +--------+--------+--------+--------+--------+-----+--------+

Top non-repeatable levels by time:
     D:1: 882 daAuts
     D:2: 60 daAuts
